 Dungeon Crawl Stone Soup version 0.28.0-53-g5a82cb258f (webtiles) character file.

Game seed: 4189738057691722905

401 Zeld the Conjurer (level 6, -1/45 HPs)
             Began as a Draconian Conjurer on June 11, 2022.
             Slain by a quokka (3 damage)
             ... summoned by Eustachio
             ... on level 4 of the Dungeon.
             The game lasted 00:03:29 (4714 turns).

Zeld the Conjurer (Draconian Conjurer)              Turns: 4714, Time: 00:03:30

Health: -1/45      AC:  6    Str:  9    XL:     6   Next: 54%
Magic:  12/21      EV: 12    Int: 20    God:
Gold:   108        SH:  0    Dex: 10    Spells: 2/13 levels left

rFire   . . .      SeeInvis .   (no weapon)
rCold   . . .      Faith    .   (no shield)
rNeg    . . .      Spirit   .   (armour unavailable)
rPois   .          Reflect  .   (helmet restricted)
rElec   .          Harm     .   (no cloak)
rCorr   +          Rampage  .   (no gloves)
Will    .....                   (no boots)
Stlth   ++........              (no amulet)
HPRegen 0.15/turn               j - ring of resist corrosion
MPRegen 0.17/turn               q - ring of magical power

@: no status effects
A: AC +6, unfitting armour, cold-blooded
a: no special abilities


You were on level 4 of the Dungeon.
You visited 1 branch of the dungeon, and saw 4 of its levels.

You collected 108 gold pieces.

Inventory:

Jewellery
 d - a ring of fire
 j - a ring of resist corrosion (left hand)
 q - a ring of magical power (right hand)
Scrolls
 b - a scroll of noise {unknown}
 c - 2 scrolls of identify {unknown}
 f - a scroll of enchant armour {unknown}
 i - a scroll of vulnerability {unknown}
Potions
 a - a potion of lignification {unknown}
 e - a potion of degeneration {unknown}
 g - a potion of brilliance {unknown}
 h - a potion of magic {unknown}
 k - a potion of heal wounds {unknown}
 l - a potion of might {unknown}
 m - a potion of mutation {unknown}
 n - a potion of attraction {unknown}


   Skills:
 - Level 1.7 Dodging
 - Level 1.7 Stealth
 + Level 4.3 Spellcasting
 + Level 5.6 Conjurations
 - Level 2.0 Hexes
 - Level 2.0 Translocations


You had 2 spell levels left.
You knew the following spells:

 Your Spells              Type           Power      Damage    Failure   Level
a - Magic Dart            Conj           100%       1d8       1%          1
b - Searing Ray           Conj           54%        2d6       1%          2
c - Fulminant Prism       Conj/Hex       9%         3d7       26%         4
d - Iskenderun's Mystic   Conj/Tloc      19%        2d6       26%         4

Your spell library contained the following spells:

 Spells                   Type           Power      Damage    Failure   Level
 Dazzling Flash           Conj/Hex       38%        N/A       8%          3
 Conjure Flame            Conj/Fire      15%        6-21      12%         3
 Ignite Poison            Fire/Tmut/Pois 4%         N/A       36%         3
 Ozocubu's Armour         Ice            4%         N/A       36%         3
 Sticky Flame             Conj/Fire      15%        2d4       36%         4
 Metabolic Englaciation   Hex/Ice        4%         N/A       92%         5
 Simulacrum               Ice/Necr       2%         N/A       100%        6


Dungeon Overview and Level Annotations

Branches:
Dungeon (4/15)
 Temple: D:4-7

Altars:

Shops:
D:3 !

Annotations:
D:4 Blork the orc, Edmund, Eustachio


Innate Abilities, Weirdness & Mutations

Your plain brown scales are hard. (AC +6)
You cannot fit into any form of body armour.
You are cold-blooded and may be slowed by cold attacks.


Message History

The rat disappears in a puff of smoke!
The bat misses you. The bat hits you but does no damage. The bat misses you.
The bat hits you.
There is a stone staircase leading up here.
Casting: Searing Ray (safe; 1% risk of failure)
Confirm with . or Enter, or press ? or * to list all spells.
Aiming: Searing Ray (safe; 1% risk of failure)
Press: ? - help, Shift-Dir - straight line, f/p - Eustachio
Aim: Eustachio, wielding a +0 falchion and wearing a +0 leather armour (heavily wounded, 71% to hit)
The searing ray hits Eustachio.
Eustachio is severely wounded. (Press . to maintain the ray.)
The bat hits you but does no damage. The bat closely misses you.
Eustachio yells, "Perjured traitor, DIE!"
Eustachio casts a spell.
Eustachio blinks!
The river rat closely misses you. The bat hits you but does no damage.
The bat completely misses you. The river rat bites you.
Casting: Searing Ray (safe; 1% risk of failure)
Confirm with . or Enter, or press ? or * to list all spells.
Restarting spell: Searing Ray (safe; 1% risk of failure)
Press: ? - help, Shift-Dir - straight line, f/p - Eustachio
Aim: Eustachio, wielding a +0 falchion and wearing a +0 leather armour (severely wounded, 71% to hit)
The searing ray misses Eustachio. (Press . to maintain the ray.)
The bat hits you but does no damage. The quokka completely misses you.
Blork the orc hits you from afar with a +0 halberd!
The river rat bites you.
* * * LOW HITPOINT WARNING * * *
The searing ray hits Eustachio.
Eustachio is severely wounded.
The bat hits you but does no damage. The quokka bites you.
* * * LOW HITPOINT WARNING * * *
The rat bites you but does no damage. Blork the orc closely misses you.
The river rat bites you!
* * * LOW HITPOINT WARNING * * *
The quokka twitches its whiskers.
The quokka bites you.
You die...

.[......$.#..#
#......#.##.. #...
.##..##.# ###
#.....<... ####..
.....###....##..####...
..$...###....####...
#.........#.........
#......##.....####..
#.............# #..
#..r.ob.............
#..@r#..........###.
#...r..........!.. .
#..@.?..............
#.............#.#...
#......###$.#...#.#
...>..... +#
..........#
...........#
...........+


You could see Eustachio, Blork the orc, a river rat (summoned), a quokka
(summoned), a bat (summoned) and a rat (summoned).

Vanquished Creatures
  Grinder (D:3)
  A scorpion (D:3)
  A centaur zombie (D:3)
  Jessica (D:2)
  3 adders
  A worm (D:2)
  A dart slug (D:1)
  8 bats
  3 endoplasms
  3 giant cockroaches
  3 goblins
  6 hobgoblins
  2 quokkas
  4 ball pythons
  3 frilled lizards
  4 kobolds
  6 rats
51 creatures vanquished.

Notes
Turn   | Place    | Note
-------+----------+-------------------------------------------
     0 | D:1      | Zeld the Draconian Conjurer began the quest for the Orb.
     0 | D:1      | Reached XP level 1. HP: 14/14 MP: 3/3
   307 | D:1      | Found a faded altar of an unknown god.
   362 | D:1      | Reached XP level 2. HP: 20/20 MP: 1/5
   410 | D:1      | Learned a level 2 spell: Searing Ray
   623 | D:2      | Reached skill level 1 in Hexes
   623 | D:2      | Reached skill level 1 in Translocations
  1159 | D:2      | Reached XP level 3. HP: 26/26 MP: 0/6
  1511 | D:3      | Noticed Grinder
  1515 | D:3      | Paralysed by Grinder for 5 turns
  1969 | D:2      | Noticed Jessica
  1977 | D:2      | Killed Jessica
  1978 | D:2      | Reached XP level 4. HP: 33/33 MP: 0/7
  1988 | D:2      | Learned a level 4 spell: Fulminant Prism
  2206 | D:4      | Noticed Edmund
  2235 | D:4      | Noticed a scorpion
  2239 | D:4      | Noticed Blork the orc
  2239 | D:4      | Noticed Eustachio
  2282 | D:3      | Killed a scorpion
  2591 | D:1      | Reached XP level 5. HP: 37/38 MP: 1/9
  3844 | D:3      | Found Dupidusa's Distillery.
  4035 | D:3      | Paralysed by Grinder for 5 turns
  4040 | D:3      | Killed Grinder
  4041 | D:3      | Reached skill level 5 in Conjurations
  4041 | D:3      | Reached XP level 6. HP: 27/45 MP: 8/12
  4046 | D:3      | Learned a level 4 spell: Iskenderun's Mystic Blast
  4713 | D:4      | HP: 2/45 [river rat[Eustachio] (7)]
  4714 | D:4      | Slain by a quokka

Illustrated notes

Levels and vault maps discovered:
D:1:      tarquinn_simple_flora_water_d, layout_basic,
          hellmonk_ecumenical_altar_leap_of_faith,
          chequers_serial_rivers_micro_b
D:2:      layout_basic, uniq_jessica
D:3:      layout_basic, serial_shops, nicolae_shop_statue_plus,
          chequers_hall_statues_corner_a, grunt_decor_arrowhead,
          minmay_misc_feat_cross, hangedman_decor_growths, uniq_grinder
D:4:      layout_rooms, lemuel_tele_altar, mainiacjoe_overflow_24_doors,
          uniq_blork_the_orc, uniq_eustachio, uniq_edmund

Skill      XL: |  1  2  3  4  5 |
---------------+----------------+-----
Hexes          | 1 2 |  2.0
Translocations | 1 2 |  2.0
Spellcasting   | 3 4 |  4.3
Conjurations   | 5 |  5.6
Dodging        | |  1.7
Stealth        | |  1.7

Action                   |  1- 3 |  4- 6 || total
-------------------------+-------+-------++-------
Melee: Unarmed           |    19 |     5 ||    24
       Tailslap          |     4 |     3 ||     7
 Cast: Magic Dart        |    42 |    56 ||    98
       Searing Ray       |     3 |     9 ||    12
Armor: Skin              |     4 |    25 ||    29
Dodge: Dodged            |    14 |    32 ||    46
